AoeStats
← Ryanbabel

Fortress

510533741Analyzed
1v1 RM · 2d ago on Oct 1, 2026· 41m 27s· 2 players
Game mode
Random Map
Map size
Small (3 player)
Population
200
Speed
Normal
Resources
Standard
Victory
Conquest
Starting age
Dark Age
Ending age
Imperial Age
RankedLock teamsTeams togetherTeam positionsShared explorationLock speedFull tech treeHidden civsTurbo modeCheats
Victory
Defeat
🇹🇷 Spanish · Türkiye
1068
+15
🇩🇪 Franks · Germany
1053
-15
Lord vom Dunkeldeich
4:27 Loom
7:30 Feudal Age
9:07 Loom
14:03 Castle Age
12:52 Double-Bit Axe
15:42 Bow Saw
17:40 Fletching
18:51 Padded Archer Armor
21:04 Wheelbarrow
21:38 Leather Archer Armor
21:41 Bodkin Arrow
22:41 Hand Cart
22:19 Elite Skirmisher
27:17 Imperial Age
25:49 Scale Barding Armor
25:55 Forging
26:27 Husbandry
26:52 Chain Barding Armor
27:22 Cavalier
28:43 Iron Casting
31:24 Town Watch
31:39 Gold Mining
33:02 Gold Shaft Mining
Ryanbabel
8:07 Feudal Age
11:56 Castle Age
10:50 Double-Bit Axe
11:12 Horse Collar
13:38 Bow Saw
13:55 Heavy Plow
18:34 Fletching
18:45 Padded Archer Armor
21:17 Wheelbarrow
24:24 Imperial Age
24:04 Hand Cart
24:14 Pikeman
24:57 Squires
27:03 Gold Mining
28:14 Two-Man Saw
27:47 Scale Barding Armor
27:59 Bodkin Arrow
28:20 Leather Archer Armor
28:56 Halberdier
30:01 Forging
31:05 Chemistry
31:19 Elite Conquistador
31:27 Elite Conquistador
34:05 Bracer
34:36 Ring Archer Armor
34:26 Chain Barding Armor
34:42 Iron Casting
34:08 Scale Mail Armor
35:43 Town Watch
35:44 Loom
37:48 Plate Barding Armor
37:34 Ballistics
39:27 Blast Furnace
39:48 Chain Mail Armor
Connection lost

Rejoining the realm…

Still unreachable

The connection could not be restored.

Session expired

The server has moved on; the page needs a fresh start.